 Dungeon Crawl Stone Soup version 0.24-a0-157-g36218c0 (webtiles) character file.

Game seed: 10124457070220460219

47 Kurtz the Cudgeler (level 3, 0/29 HPs)
             Began as a Mummy Chaos Knight on Mar 5, 2019.
             Was a Plaything of Xom.
             Slain by a hog (shapeshifter) (5 damage)
             ... on level 2 of the Dungeon.
             The game lasted 00:01:33 (1210 turns).

Kurtz the Cudgeler (Mummy Chaos Knight)             Turns: 1210, Time: 00:01:34

Health: 0/29       AC: 10    Str: 15    XL:     3   Next: 48%
Magic:  3/3        EV:  4    Int: 11    God:    Xom [..*...]
Gold:   66         SH:  0    Dex: 12    Spells: 2/2 levels left

rFire    x . .     SeeInvis .   a - +0 mace (chaos)
rCold    + . .     Gourm    .   (no shield)
rNeg     + + +     Faith    .   c - +0 plate armour
rPois    ∞         Spirit   .   (no helmet)
rElec    .         Reflect  .   (no cloak)
rCorr    .         Harm     .   (no gloves)
MR       .....                  (no boots)
Stlth    ..........             (no amulet)
HPRegen  0.09/turn              e - ring of stealth
MPRegen  0.08/turn              (no ring)

@: no status effects
A: no food or potions, fire vulnerability, cold resistance 1, negative energy
resistance 3, torment resistance, unbreathing
a: Renounce Religion


You were on level 2 of the Dungeon.
You worshipped Xom.
You were a toy of Xom.
You were not hungry.

You visited 1 branch of the dungeon, and saw 2 of its levels.

You collected 66 gold pieces.

Inventory:

Hand Weapons
 a - a +0 mace of chaos (weapon)
Armour
 b - a +2 leather armour
 c - a +0 plate armour (worn)
Jewellery
 e - a ring of stealth (left hand)
Scrolls
 d - 2 scrolls of teleportation {unknown}
 f - a scroll of magic mapping {unknown}
 g - a scroll of remove curse {unknown}
 h - a scroll of amnesia {unknown}
 i - a scroll of identify {unknown}


   Skills:
 - Level 3.0 Fighting
 * Level 3.7 Maces & Flails
 - Level 1.5 Armour
 + Level 0.7 Dodging


You had 2 spell levels left.
You didn't know any spells.
Your spell library was empty.

Dungeon Overview and Level Annotations

Branches:
Dungeon (2/15)

Altars:
Zin


Innate Abilities, Weirdness & Mutations

You do not eat or drink.
Your flesh is vulnerable to fire.
You are immune to poison.
Your flesh is cold resistant. (rC+)
You are immune to negative energy. (rN+++)
You are immune to unholy pain and torment.
You can survive without breathing.


Message History

The hog bites you! The ooze barely misses you.
You hit the hog.
The hog looks as sick as possible!
The hog is moderately wounded.
The hog bites you but does no damage. The ooze hits you. The hog bites you.
The ooze hits you but does no damage.
You are too injured to fight recklessly!
You are too injured to fight recklessly!
You are too injured to fight recklessly!
You are too injured to fight recklessly!
You are too injured to fight recklessly!
You are too injured to fight recklessly!
You are too injured to fight recklessly!
There are monsters nearby!
Unknown command.
Unknown command.
The hog bites you.
* * * LOW HITPOINT WARNING * * *
The hog bites you.
You die...
Xom howls with laughter!

#.....+... #.....#### ..
#....†.... ###.
#......### .....
#........# .....
#.....##.# #.....
#.....##.#
#.....#############'###.#
........@.............>.#
#######h###########.....#
#.J.....# ###...#
#.......# #...# #.......#
#.... #.......# #....
#.......# #.... #?......#
#.... #.......# #....


You could see a hog shaped shifter and an ooze.

Vanquished Creatures
  An adder (D:2)
  A worm (D:2)
  A dart slug (D:1)
  A leopard gecko (D:1)
  A giant cockroach (D:1)
  5 hobgoblins
  8 kobolds
  4 bats
  2 frilled lizards (D:1)
  6 goblins
  2 rats
32 creatures vanquished.

Vanquished Creatures (others)
  A bat (D:1)
1 creature vanquished.

Grand Total: 33 creatures vanquished

Notes
Turn   | Place    | Note
-------+----------+-------------------------------------------
     0 | D:1      | Kurtz the Mummy Chaos Knight began the quest for the Orb.
     0 | D:1      | Reached XP level 1. HP: 18/18 MP: 1/1
   196 | D:1      | Reached XP level 2. HP: 24/24 MP: 2/2
   415 | D:1      | XOM: potion effect (invisibility)
   827 | D:1      | Found a glowing silver altar of Zin.
   871 | D:2      | Reached XP level 3. HP: 29/29 MP: 3/3
  1203 | D:2      | Noticed a shapeshifter
  1203 | D:2      | a dart slug changed into a shapeshifter
  1203 | D:2      | Noticed an eye of draining
  1203 | D:2      | a shapeshifter changed into an eye of draining
  1205 | D:2      | Noticed a hog
  1205 | D:2      | an eye of draining changed into a hog
  1210 | D:2      | Slain by a hog (shapeshifter)

Levels and vault maps discovered:
D:1:      dpeg_arrival_lava_altar, layout_loops_corners
D:2:      layout_basic, uniq_terence, uniq_natasha

Skill      XL: |  1  2 |
---------------+-------+-----
Maces & Flails | 3 |  3.7
Fighting       | |  3.0
Armour         | |  1.5
Dodging        | |  0.7

Action                   || total
-------------------------++-------
Melee: Mace              ||   117
 Stab: Invisible         ||     4
Armor: Plate armour      ||   123
Dodge: Dodged            ||    35

Table legend:
 A = Non-vault XP
 B = Vault XP
 C = Vault XP percentage of total XP
 D = Non-vault monster count
 E = Vault monster count
 F = Vault count percentage of total count
                 A         B        C        D         E       F
            +---------+---------+-------+---------+---------+-------
      Total |      68 |       0 |   0.0 |      32 |       0 |   0.0
            +---------+---------+-------+---------+---------+-------
        D:1 |      39 |       0 |   0.0 |      24 |       0 |   0.0
        D:2 |      29 |       0 |   0.0 |       8 |       0 |   0.0
            +---------+---------+-------+---------+---------+-------
